 Dungeon Crawl Stone Soup version 0.29.1-15-g9cfb28693d (webtiles) character file.

Game seed: 13254600646237153843

27 ThatDraconian the Twirler (level 2, -3/24 HPs)
             Began as a Draconian Gladiator on Mar 28, 2023.
             Killed by nerve-wracking pain
             ... invoked by an orc priest
              (10 damage)
             ... on level 3 of the Dungeon.
             The game lasted 00:01:43 (511 turns).

ThatDraconian the Twirler (Draconian Gladiator)      Turns: 511, Time: 00:01:44

Health: -3/24      AC:  4    Str: 16    XL:     2   Next: 93%
Magic:  2/2        EV: 12    Int:  8    God:
Gold:   12         SH:  0    Dex: 12    Spells: 1/1 levels left

rFire   . . .      SeeInvis .   a - +0 quarterstaff
rCold   . . .      Faith    .   (shield currently unavailable)
rNeg    . . .      Spirit   .   (body armour unavailable)
rPois   .          Reflect  .   b - +0 hat
rElec   .          Harm     .   (no cloak)
rCorr   .          Rampage  .   (no gloves)
Will    .....                   (no boots)
Stlth   +.........              (no amulet)
HPRegen 0.08/turn               (no ring)
MPRegen 0.08/turn               (no ring)

@: no status effects
A: AC +4, unfitting armour, cold-blooded
a: no special abilities


You were on level 3 of the Dungeon.
You visited 1 branch of the dungeon, and saw 3 of its levels.

You collected 12 gold pieces.

Inventory:

Hand Weapons
 a - a +0 quarterstaff (weapon)
Missiles
 c - a throwing net (quivered)
 d - a javelin
Armour
 b - a +0 hat (worn)
Scrolls
 e - a scroll of blinking
 f - a scroll of immolation {unknown}
Potions
 g - a potion of curing {unknown}
 h - a potion of mutation {unknown}
 i - a potion of brilliance {unknown}


   Skills:
 * Level 2.2 Fighting
 * Level 0.3(2.2) Polearms
 * Level 3.6(3.7) Staves
 * Level 1.8 Throwing
 * Level 2.9 Dodging
 * Level 0.2 Stealth
 * Level 0.1 Spellcasting


You had one spell level left.
You didn't know any spells.
Your spell library was empty.

Dungeon Overview and Level Annotations

Branches:
Dungeon (3/15)

Altars:


Innate Abilities, Weirdness & Mutations

Your plain brown scales are hard. (AC +4)
You cannot fit into any form of body armour.
You are cold-blooded and may be slowed by cold attacks.


Message History

You sock the orc!
You kill the orc!
The orc priest miscasts a cantrip.
You hit the orc.
The orc is severely wounded.
The orc barely misses you.
You hit the orc.
You kill the orc!
An orc comes into view. It is wielding a +0 mace.
The orc shouts!
You hit the orc priest. You tail-slap the orc priest.
The orc priest is heavily wounded.
The orc priest calls down the wrath of Beogh upon you.
Beogh smites you!
You closely miss the orc priest.
Your tail-slap misses the orc priest.
The orc priest is heavily wounded.
The orc priest hits you but does no damage.
The orc priest hits you with a +0 dagger.
* * * LOW HITPOINT WARNING * * *
You barely miss the orc priest.
Your tail-slap misses the orc priest.
The orc priest is heavily wounded.
The orc priest hits you but does no damage.
Throw: 2 throwing nets
Press: ? - help, Q - select action, (/) - cycle Shift-Dir - straight line, f - orc priest
Aim: an orc priest, wielding a +0 dagger (heavily wounded, 57% to hit)
You throw a throwing net. The throwing net hits the orc priest.
The orc priest is caught in the net!
The orc priest is heavily wounded.
The orc priest struggles against the net.
You hit the orc priest.
The orc priest is severely wounded.
The orc priest struggles against the net.
You hit the orc priest. You tail-slap the orc priest.
The orc priest is severely wounded.
The orc priest struggles against the net.
You barely miss the orc priest.
The orc priest is severely wounded.
The orc priest mumbles some strange prayers to Beogh against you.
Pain shoots through your body!
You die...

#.# #.# # #####.#
#.## # .....# #..#
# ..#.# #..#####
#.#.# #.......
#.#.#######...####
#.............# #
#.#####.####..# #
#@# #... .......
#o# .........###
#o# #.#######.#
#.# #. .# ##.## #.
.# #...# #.
#.<.....#
#..>##### ##(##
.###


You could see an orc priest (caught) and an orc.

Vanquished Creatures
  6 orcs (D:3)
  A ball python (D:2)
  4 endoplasms
  3 hobgoblins
  A kobold (D:2)
  A quokka (D:2)
  A rat (D:2)
17 creatures vanquished.

Notes
Turn   | Place    | Note
-------+----------+-------------------------------------------
     0 | D:1      | ThatDraconian the Draconian Gladiator began the quest for
                  | the Orb.
     0 | D:1      | Reached XP level 1. HP: 17/17 MP: 1/1
     6 | D:2      | Found a faded altar of an unknown god.
   275 | D:2      | Reached XP level 2. HP: 16/24 MP: 2/2
   511 | D:3      | Killed from afar by an orc priest

Illustrated notes

Levels and vault maps discovered:
D:1:      amcnicky_arrival_gap_in_the_tavern_cellar, layout_basic
D:2:      layout_loops_ring, hellmonk_ecumenical_altar_leap_of_faith,
          uniq_crazy_yiuf_cottage, uniq_sigmund
D:3:      layout_loops_ring, goddamned_bats

Action                   || total
-------------------------++-------
Melee: Quarterstaff      ||    52
       Tailslap          ||     6
Throw: Throwing net      ||     2
  Use: Scroll            ||     2
Armor: Skin              ||     8
Dodge: Dodged            ||    20
